[Event "MGL-HUN Friendship Cup 2019"]
[Site "Debrecen"]
[Date "2019.09.12"]
[Round "6.2"]
[White "Varga, Zoltan"]
[Black "Kovchan, Alexander"]
[Result "1/2-1/2"]
[ECO "B53"]
[WhiteElo "2437"]
[BlackElo "2567"]
[Annotator "ChessBase"]
[PlyCount "24"]
[EventDate "2019.09.09"]
[EventType "tourn"]
[EventCountry "HUN"]
[SourceTitle "playchess.com"]
[Source "ChessBase"]
[SourceQuality "1"]
[TimeControl "40/5400+30:900+30"]

1. e4 c5 2. Nf3 d6 3. d4 cxd4 4. Qxd4 Nc6 5. Qe3 Nf6 6. h3 g6 7. Be2 Bg7 8. O-O O-O 9. Nc3 Nd7 10. Rd1 Qb6 11. Qxb6 Nxb6 12. Nd5 Be6 1/2-1/2

[Event "MGL-HUN Friendship Cup 2019"]
[Site "Debrecen"]
[Date "2019.09.13"]
[Round "7.1"]
[White "Nomin-Erdene, Davaademberel"]
[Black "Lajthajm, Borko"]
[Result "1-0"]
[ECO "C68"]
[WhiteElo "2377"]
[BlackElo "2414"]
[Annotator "NA"]
[PlyCount "103"]
[EventDate "2019.09.09"]
[EventType "tourn"]
[EventCountry "HUN"]
[SourceTitle "playchess.com"]
[Source "ChessBase"]
[SourceQuality "1"]
[TimeControl "40/5400+30:900+30"]

1. e4 e5 2. Nf3 Nc6 3. Bb5 a6 4. Bxc6 dxc6 5. O-O Qf6 6. d4 {[%emt 0:04:22] C68: Ruy Lopez: Exchange Variation, sidelines} exd4 7. Bg5 Qg6 (7... Qd6 8. Nxd4 Be7 9. Bxe7 Nxe7 10. Nc3 Bd7 11. Nde2 O-O-O 12. Qc1 Ng6 13. Qe3 Kb8 {0-1 (39) Naiditsch,A (2695)-Svidler,P (2735) Karlsruhe/Baden Baden 2019}) 8. Qxd4 Bg4 9. Nbd2 Be7 10. Bxe7 $146 ({Predecessor:} 10. Bf4 Bd6 11. Nh4 Qf6 12. e5 Bc5 13. Qxc5 Qxf4 {1-0 (48) Sanchez Carol,J (1877)-Ausan,L (1405) LSS email 2007}) 10... Nxe7 11. Ne5 Qf6 12. Qc5 h5 13. f4 Qd6 14. Qf2 Rd8 15. Nb3 Be6 16. c4 Bc8 17. Qf3 Qh6 18. Rae1 O-O 19. Qc3 $11 f6 20. Nd3 b6 21. c5 a5 22. f5 Rfe8 23. Nf4 h4 24. Nd4 Bd7 25. Nde6 Bxe6 26. Nxe6 Rd7 27. Rd1 Rxd1 28. Rxd1 Qh5 29. Qe1 Nxf5 30. exf5 Qxf5 31. Rd8 Rxd8 32. Nxd8 Qxc5+ 33. Kh1 Qc2 34. h3 Qxb2 35. Qe8+ Kh7 36. Qe4+ Kg8 37. Qc4+ Kh7 38. Qxh4+ Kg8 39. Qc4+ Kh7 40. Nxc6 b5 41. Qe4+ Kh6 42. Ne7 Qa1+ 43. Kh2 Qe5+ 44. Qxe5 fxe5 45. Nc6 Kg5 46. Kg3 Kf5 47. Kf3 a4 48. g4+ Kg5 49. Kg3 g6 50. h4+ Kf6 51. Kf3 Ke6 52. Ke4 {[%emt 0:00:09] Kd5+} 1-0

[Event "MGL-HUN Friendship Cup 2019"]
[Site "Debrecen"]
[Date "2019.09.13"]
[Round "7.3"]
[White "Kovchan, Alexander"]
[Black "Laketic, Gojko"]
[Result "1-0"]
[ECO "B36"]
[WhiteElo "2567"]
[BlackElo "2367"]
[Annotator "ChessBase"]
[PlyCount "65"]
[EventDate "2019.09.09"]
[EventType "tourn"]
[EventCountry "HUN"]
[SourceTitle "playchess.com"]
[Source "ChessBase"]
[SourceQuality "1"]
[TimeControl "40/5400+30:900+30"]

1. e4 c5 2. Nf3 Nc6 3. d4 cxd4 4. Nxd4 g6 5. c4 Nf6 6. Nc3 d6 7. f3 Bg7 8. Be3 O-O 9. Qd2 Bd7 10. Be2 Nxd4 11. Bxd4 Bc6 12. b4 a5 13. b5 Be8 14. h4 a4 15. g4 Qa5 16. h5 Bd7 17. Qe3 Be6 18. Kf2 Rac8 19. Nd5 Bxd5 20. exd5 Qc7 21. Bd3 Qd7 22. h6 Bh8 23. Bf5 Qc7 24. Bxc8 Qxc8 25. g5 e5 26. dxe6 Ng4+ 27. fxg4 fxe6+ 28. Bf6 Bxf6 29. gxf6 Rxf6+ 30. Kg3 Qxc4 31. Rhc1 Qxb5 32. g5 Rf8 33. Qxe6+ 1-0

[Event "MGL-HUN Friendship Cup 2019"]
[Site "Debrecen"]
[Date "2019.09.13"]
[Round "8.3"]
[White "Varga, Zoltan"]
[Black "Nomin-Erdene, Davaademberel"]
[Result "1/2-1/2"]
[ECO "B13"]
[WhiteElo "2437"]
[BlackElo "2377"]
[Annotator "NA"]
[PlyCount "40"]
[EventDate "2019.09.09"]
[EventType "tourn"]
[EventCountry "HUN"]
[SourceTitle "playchess.com"]
[Source "ChessBase"]
[SourceQuality "1"]
[TimeControl "40/5400+30:900+30"]

1. c4 c6 2. e4 d5 3. exd5 cxd5 4. d4 Nf6 5. Nc3 Nc6 6. Nf3 Bg4 7. cxd5 Nxd5 8. Qb3 Bxf3 9. gxf3 e6 10. Qxb7 Nxd4 11. Bb5+ Nxb5 12. Qc6+ Ke7 13. Qxb5 Qd7 14. Nxd5+ Qxd5 15. Qxd5 exd5 16. Be3 Ke6 17. O-O-O Bb4 18. Rd3 Rhc8+ 19. Kb1 Bc5 20. Rhd1 Ke5 1/2-1/2

[Event "MGL-HUN Friendship Cup 2019"]
[Site "Debrecen"]
[Date "2019.09.14"]
[Round "9.1"]
[White "Varga, Zoltan"]
[Black "Lajthajm, Borko"]
[Result "1/2-1/2"]
[ECO "C10"]
[WhiteElo "2437"]
[BlackElo "2414"]
[Annotator "NA"]
[PlyCount "32"]
[EventDate "2019.09.09"]
[EventType "tourn"]
[EventCountry "HUN"]
[SourceTitle "playchess.com"]
[Source "ChessBase"]
[SourceQuality "1"]
[TimeControl "40/5400+30:900+30"]

1. e4 e6 2. d4 d5 3. Nc3 dxe4 4. Nxe4 Bd7 5. Nf3 Bc6 6. Bd3 Nd7 7. O-O Ngf6 8. Ng3 Be7 9. Re1 O-O 10. c3 Re8 11. Bc2 a5 12. Qd3 Bxf3 13. Qxf3 c6 14. Qd3 Nf8 15. b3 Qc7 16. Bb2 Red8 1/2-1/2

[Event "MGL-HUN Friendship Cup 2019"]
[Site "Debrecen"]
[Date "2019.09.14"]
[Round "9.2"]
[White "Nomin-Erdene, Davaademberel"]
[Black "Laketic, Gojko"]
[Result "1-0"]
[ECO "C41"]
[WhiteElo "2377"]
[BlackElo "2367"]
[Annotator "NA"]
[PlyCount "79"]
[EventDate "2019.09.09"]
[EventType "tourn"]
[EventCountry "HUN"]
[SourceTitle "playchess.com"]
[Source "ChessBase"]
[SourceQuality "1"]
[TimeControl "40/5400+30:900+30"]

1. e4 d6 2. d4 Nf6 3. Nc3 e5 4. Nf3 Nbd7 5. Bc4 Be7 6. O-O O-O 7. a4 c6 8. Re1 b6 9. d5 Bb7 10. dxc6 Bxc6 11. Bg5 Rc8 12. Bxf6 Nxf6 13. Qd3 Bb7 14. Nd2 Qc7 15. Bb3 Rfd8 16. Nf1 Bf8 17. Ne3 g6 18. a5 Bh6 19. axb6 axb6 20. Ned5 Nxd5 21. Bxd5 Bxd5 22. Qxd5 Qc5 23. Qd1 Qd4 24. Qf3 b5 25. Red1 Qc5 26. Nd5 Ra8 27. c3 Bf8 28. h4 Ra4 29. b3 Ra3 30. h5 Rda8 31. b4 Qc6 32. Rxa3 Rxa3 33. Qh3 Ra7 34. Rd3 Bg7 35. Rf3 Ra1+ 36. Kh2 Ra7 37. Qh4 Qe8 38. h6 Bh8 39. c4 bxc4 40. Rc3 1-0

[Event "MGL-HUN Friendship Cup 2019"]
[Site "Debrecen"]
[Date "2019.09.15"]
[Round "10.3"]
[White "Laketic, Gojko"]
[Black "Varga, Zoltan"]
[Result "1/2-1/2"]
[ECO "C41"]
[WhiteElo "2367"]
[BlackElo "2437"]
[Annotator "ChessBase"]
[PlyCount "24"]
[EventDate "2019.09.09"]
[EventType "tourn"]
[EventCountry "HUN"]
[SourceTitle "playchess.com"]
[Source "ChessBase"]
[SourceQuality "1"]
[TimeControl "40/5400+30:900+30"]

1. d4 d6 2. e4 Nf6 3. Nc3 e5 4. Nf3 Nbd7 5. Bc4 Be7 6. O-O O-O 7. Re1 c6 8. a4 b6 9. h3 Bb7 10. d5 cxd5 11. Nxd5 Rc8 12. Nxf6+ Nxf6 1/2-1/2